 Dungeon Crawl Stone Soup version 0.26-a0-651-gb41185065b (webtiles) character file.

Game seed: 9208593794573154259

44 Ozzies the Sneak (level 3, -5/19 HPs)
             Began as a Vampire Enchanter on Oct 3, 2020.
             Slain by a worm (11 damage)
             ... on level 2 of the Dungeon.
             The game lasted 00:01:42 (1359 turns).

Ozzies the Sneak (Vampire Enchanter)                Turns: 1359, Time: 00:01:43

Health: -5/19      AC:  2    Str:  7    XL:     3   Next: 39%
Magic:  6/6        EV: 13    Int: 17    God:
Gold:   25         SH:  0    Dex: 15    Spells: 5/6 levels left

rFire    . . .     SeeInvis +   a - +1 dagger
rCold    + + .     Faith    .   (no shield)
rNeg     + + +     Spirit   .   b - +0 robe
rPois    ∞         Reflect  .   (no helmet)
rElec    .         Harm     .   (no cloak)
rCorr    .         Rampage  .   (no gloves)
MR       .....                  (no boots)
Stlth    +++++.....             (no amulet)
HPRegen  0.00/turn              (no ring)
MPRegen  0.10/turn              (no ring)

@: bloodless
A: fangs 3, see invisible, unbreathing
a: Bat Form, Revivify


You were on level 2 of the Dungeon.
You visited 1 branch of the dungeon, and saw 2 of its levels.

You collected 25 gold pieces.

Inventory:

Hand Weapons
 a - a +1 dagger (weapon)
Armour
 b - a +0 robe (worn)
Scrolls
 d - 2 scrolls of remove curse {unknown}
 e - 2 scrolls of amnesia {unknown}
 i - 2 scrolls of identify {unknown}
 j - a scroll of magic mapping {unknown}
 k - a scroll of fear {unknown}
Potions
 c - a potion of heal wounds {unknown}
 f - a potion of brilliance {unknown}
 g - 2 potions of might {unknown}
 h - 2 potions of resistance {unknown}
 l - a potion of curing {unknown}


   Skills:
 + Level 0.2 Fighting
 + Level 1.3 Short Blades
 + Level 2.3 Dodging
 + Level 5.8 Stealth
 + Level 2.0 Spellcasting
 + Level 5.1 Hexes


You had 5 spell levels left.
You knew the following spells:

 Your Spells              Type           Power        Failure   Level
a - Corona                Hex            ###....      2%          1

Your spell library contained the following spells:

 Spells                   Type           Power        Failure   Level
 Confusing Touch          Hex            ###.....     7%          3
 Tukima's Dance           Hex            ###.....     7%          3
 Ensorcelled Hibernation  Hex/Ice        ##....       11%         2
 Dazzling Flash           Conj/Hex       ##....       21%         3


Dungeon Overview and Level Annotations

Branches:
Dungeon (2/15)

Altars:


Innate Abilities, Weirdness & Mutations

You do not regenerate when monsters are visible.
You are frail without blood (-20% HP).
You can heal yourself when you bite living creatures.
You are immune to poison.
You have razor-sharp teeth.
You have supernaturally acute eyesight. (SInv)
You can survive without breathing.


Message History

You are too injured to fight recklessly!
You are too injured to fight recklessly!
You are too injured to fight recklessly!
You are too injured to fight recklessly!
You are too injured to fight recklessly!
You are too injured to fight recklessly!
You are too injured to fight recklessly!
Unknown command.
You are too injured to fight recklessly!
You are too injured to fight recklessly!
You are too injured to fight recklessly!
You are too injured to fight recklessly!
You barely miss the worm. You bite the worm, but do no damage.
The worm is lightly wounded.
The bat hits you but does no damage.
You hit the worm.
The worm is lightly wounded.
The bat hits you but does no damage. The worm bites you!
Ouch! That really hurt!
You die...

#.#.. .....
#..s# #.?.#
#b..# #...#
#.###.w.#
#.<...@.#
####.#.##
#.#?# #.#.#
#######.#.#
..........#
.#
######.###
.# #.# #.#
#.######.#


You could see a worm, a giant cockroach (asleep) and a bat.

Vanquished Creatures
  A worm (D:2)
  A leopard gecko (D:1)
  8 bats (D:1)
  4 giant cockroaches (D:1)
  6 goblins (D:1)
  2 hobgoblins (D:1)
  2 jackals (D:1)
  A quokka (D:2)
  A ball python (D:1)
  3 frilled lizards
  3 kobolds
  5 rats (D:1)
37 creatures vanquished.

Notes
Turn   | Place    | Note
-------+----------+-------------------------------------------
     0 | D:1      | Ozzies the Vampire Enchanter began the quest for the Orb.
     0 | D:1      | Reached XP level 1. HP: 13/13 MP: 3/3
    81 | D:1      | Reached XP level 2. HP: 19/19 MP: 5/5
   305 | D:1      | Reached skill level 5 in Hexes
   465 | D:1      | Reached skill level 5 in Stealth
   539 | D:1      | Reached XP level 3. HP: 19/19 MP: 6/6
  1359 | D:2      | Slain by a worm

Illustrated notes

Levels and vault maps discovered:
D:1:      dpeg_arrival_prison, layout_loops_corners
D:2:      layout_loops_ring, nicolae_overflow_hidden_temple, minivault_5,
          minmay_box_of_dots

Skill      XL: |  1  2 |
---------------+-------+-----
Hexes          | 5 |  5.1
Stealth        | 5 |  5.8
Fighting       | |  0.2
Short Blades   | |  1.3
Dodging        | |  2.3
Spellcasting   | |  2.0

Action                   || total
-------------------------++-------
Melee: Dagger            ||    90
       Bite              ||     7
 Abil: Exsanguinate      ||     1
 Stab: Sleeping          ||    23
Armor: Robe              ||    27
Dodge: Dodged            ||    58

Table legend: (Time is in decaauts)
 A = Elapsed time spent in this place.
 B = Non-inter-level travel time spent in this place.
 C = Inter-level travel time spent in this place.
 D = Time resting spent in this place.
 E = Time spent auto-exploring this place.
 F = Levels seen in this place.
 G = Mean time per level.
                   A        B        C        D        E       F      G
               +--------+--------+--------+--------+--------+-----+--------+
         Total |   1354 |   1301 |     53 |      0 |   1042 |   2 |  677.0 |
       Dungeon |   1354 |   1301 |     53 |      0 |   1042 |   2 |  677.0 |
               +--------+--------+--------+--------+--------+-----+--------+

Top non-repeatable levels by time:
     D:1: 1275 daAuts
     D:2: 78 daAuts
